 Dungeon Crawl Stone Soup version 0.28-a0-10-g964c8b829e (webtiles) character file.

Game seed: 5071475641707891752

25692 wakim the Arsonist (level 13, 0/70 HPs)
             Began as a Gargoyle Fire Elementalist on July 25, 2021.
             Was an Elder of Vehumet.
             Killed from afar by a molten gargoyle (19 damage)
             ... with a bolt of magma
             ... in a volcano.
             The game lasted 01:01:50 (20965 turns).

wakim the Arsonist (Gargoyle Fire Elementalist)    Turns: 20965, Time: 01:01:50

Health: 0/70       AC: 23    Str: 13    XL:     13   Next: 21%
Magic:  17/23      EV: 15    Int: 25    God:    Vehumet [****..]
Gold:   631        SH:  7    Dex: 14    Spells: 3/26 levels left

rFire   + . .      SeeInvis +   a - +8 short sword "Nerruohae" {distort, rPois rF+ rC+ SInv}
rCold   + . .      Faith    .   i - +2 buckler {rN+}
rNeg    + + +      Spirit   .   b - +1 robe {rN+}
rPois   ∞          Reflect  .   n - +1 helmet
rElec   +          Harm     +   h - +0 cloak
rCorr   .          Rampage  .   g - +0 pair of gloves
Will    +....                   o - +2 pair of boots
Stlth   +++.......              z - amulet "Laitaet" {Harm Regen+ Slay+6}
HPRegen 1.21/turn               s - +4 ring of protection
MPRegen 0.18/turn               e - ring of Fatigue {Will+ Int+5 Dex+4}

@: no status effects
A: sickness immunity, AC +9, negative energy resistance 1, electricity
resistance, torment resistance 1, petrification resistance
a: Renounce Religion


You were in a volcano.
You worshipped Vehumet.
Vehumet was greatly pleased with you.
You visited 3 branches of the dungeon, and saw 17 of its levels.
You also visited: Ossuary, Gauntlet and Volcano.

You collected 929 gold pieces.
You spent 298 gold pieces at shops.

Inventory:

Hand Weapons
 a - the +8 short sword "Nerruohae" (weapon) {distort, rPois rF+ rC+ SInv}
   (You found it on level 4 of the Dungeon)

   It warps and distorts space around it, and may blink, banish, or inflict
   extra damage upon those it strikes.
   Unwielding it can cause banishment or high damage.
   rF:        It protects you from fire.
   rC:        It protects you from cold.
   rPois:     It protects you from poison.
   SInv:      It lets you see invisible.
Missiles
 f - 13 throwing nets {=f!f}
 j - 5 curare-tipped darts {=f}
 F - 12 silver javelins
Armour
 b - a +1 robe of positive energy (worn)
 g - a +0 pair of gloves (worn)
 h - a +0 cloak (worn)
 i - a +2 buckler of positive energy (worn)
 n - a +1 helmet (worn)
 o - a +2 pair of boots (worn)
Magical Staves
 d - a staff of cold
 I - a staff of conjuration
Jewellery
 c - a +4 ring of evasion
 e - the ring of Fatigue (right hand) {Will+ Int+5 Dex+4}
   (You bought it in a shop on level 1 of the Dungeon)

   [ring of willpower]

   Int:       It affects your intelligence (+5).
   Dex:       It affects your dexterity (+4).
   Will:      It increases your willpower.
 l - a ring of protection from cold
 m - a ring of willpower
 p - a ring of resist corrosion
 r - an amulet of magic regeneration
 s - a +4 ring of protection (left hand)
 z - the amulet "Laitaet" (around neck) {Harm Regen+ Slay+6}
   (You found it in a Gauntlet)

   [amulet of regeneration]

   Slay:      It affects your accuracy & damage with ranged weapons and melee
   (+6).
   Regen:     It increases your rate of health regeneration.
   Harm:      It increases damage dealt and taken.
 C - a ring of wizardry
Wands
 t - a wand of digging (3)
 u - a wand of mindburst (12)
 v - a wand of flame (79)
 x - a wand of iceblast (9)
 y - a wand of paralysis (10)
Scrolls
 k - 2 scrolls of enchant armour
 w - 3 scrolls of enchant weapon
 S - a scroll of summoning
 T - 9 scrolls of teleportation
 U - a scroll of fear
Potions
 q - 6 potions of curing
 D - a potion of brilliance
 E - a potion of cancellation
 G - 7 potions of flight
 J - 2 potions of heal wounds
 L - 2 potions of lignification {!q}
 M - a potion of mutation {!q}
 N - 3 potions of might


   Skills:
 - Level 4.0 Fighting
 - Level 6.0 Short Blades
 - Level 8.0 Dodging
 - Level 5.0 Stealth
 - Level 4.0 Shields
 + Level 7.3 Spellcasting
 - Level 10.0 Conjurations
 - Level 6.0 Hexes
 + Level 2.1 Translocations
 * Level 10.9 Fire Magic
 - Level 4.0 Ice Magic


You had 3 spell levels left.
You knew the following spells:

 Your Spells              Type           Power      Damage    Failure   Level
a - Foxfire               Conj/Fire      100%       2x1d9     1%          1
b - Inner Flame           Hex/Fire       51%        N/A       1%          3
c - Hailstorm             Conj/Ice       44%        3d10      1%          4
d - Dispersal             Tloc           9%         N/A       99%         6
q - Sticky Flame          Conj/Fire      57%        2d7       1%          4
x - Fireball              Conj/Fire      28%        3d12      1%          5

Your spell library contained the following spells:

 Spells                   Type           Power      Damage    Failure   Level
 Iskenderun's Battlesphe  Conj           56%        2d11      1%          5
 Corona                   Hex            43%        N/A       1%          1
 Freeze                   Ice            100%       1d11      1%          1
 Ensorcelled Hibernation  Hex/Ice        68%        N/A       1%          2
 Conjure Flame            Conj/Fire      57%        6-21      1%          3
 Frozen Ramparts          Ice            58%        1d7       1%          3
 Tukima's Dance           Hex            39%        N/A       1%          3
 Blink                    Tloc           N/A        N/A       4%          2
 Summon Guardian Golem    Hex/Summ       24%        N/A       6%          3
 Spider Form              Tmut/Pois      4%         N/A       21%         3
 Cause Fear               Hex            19%        N/A       5%          4
 Manifold Assault         Tloc           19%        N/A       58%         5
 Eringya's Noxious Bog    Tmut/Pois      4%         N/A       91%         6
 Storm Form               Tmut/Air       4%         N/A       100%        7
 Discord                  Hex            19%        N/A       100%        8
 Disjunction              Tloc           9%         N/A       100%        8


Dungeon Overview and Level Annotations

Branches:
Dungeon (11/15)            Temple (1/1) D:5            Lair (4/6) D:8
 Spider (0/4) Lair:3      Ossuary (visited)         Volcano (1/1)
Gauntlet (visited)
  Swamp: Lair:2-4    Shoals: Lair:2-4       Orc: D:9-12

Altars:
Ashenzari
Cheibriados
Dithmenos
Elyvilon
Fedhas
Gozag
Hepliaklqana
Kikubaaqudgha
Makhleb
Nemelex Xobeh
Okawaru
Qazlal
Ru
Sif Muna
Trog
Uskayaw
Vehumet
Wu Jian
Xom
Yredelemnul
Zin
The Shining One
Beogh

Shops:
D:1 *   D:8 *

Annotations:
D:9 3 runed translucent doors, Deep1's ghost, novice HuFi
Abyss:1 Prince Ribbit


Innate Abilities, Weirdness & Mutations

You are immune to sickness and miasma.
Your stone body is resilient. (AC +9)
You are immune to poison.
You resist negative energy. (rN+)
You are resistant to electric shocks. (rElec)
You are resistant to unholy torment.
You are immune to petrification.


Message History

* * * LOW HITPOINT WARNING * * *
The centaur warrior kicks you.
* * * LOW HITPOINT WARNING * * *
The centaur is engulfed in blazing flames.
Vehumet accepts your kill.
You feel your power returning.
The centaur explodes!
The fiery explosion engulfs the centaur warrior!!!
Flame seeps out of the centaur warrior.
The centaur warrior is almost dead.
The fiery explosion engulfs the centaur!!
You kill the centaur!
Vehumet accepts your kill. The fiery explosion engulfs you! You resist.
* * * LOW HITPOINT WARNING * * *
The fiery explosion engulfs the yaktaur!!
The yaktaur is almost dead.
The yaktaur is engulfed in blazing flames.
You kill the yaktaur!
Vehumet accepts your kill.
You feel your power returning.
You hear a shout!
Training target 6.0 for Hexes reached!
Your Hexes skill increases to level 6!
The centaur warrior is engulfed in blazing flames.
Flame seeps out of the centaur warrior.
The centaur warrior hits you but does no damage.
The centaur warrior closely misses you.
The centaur warrior is engulfed in blazing flames.
Vehumet accepts your kill.
You feel your power returning.
The centaur warrior explodes!
The fiery explosion engulfs you. You resist.
* * * LOW HITPOINT WARNING * * *
Something unseen opens the door.
A centaur comes into view.
It is wielding a +0 shortbow of flaming.
Your Translocations skill increases to level 2!
The molten gargoyle blasts magma at you!
The bolt of magma hits you! You partially resist.
You die...

##### ##$$$## #
#..8..# #.##.....#
#$d8.§§§.# #$.#.@§§.#
####### ##§9)##
###.#..§§ ###§##
###.....§≈§
#...###8.....≈≈§≈
9._.c'.∩.'.......§≈≈≈≈
#....#...###8....≈§§§§
##+####c## ##...≈≈≈≈§§
##..§§≈≈≈≈ ##..§≈≈≈§§≈


You could see a red draconian and a molten gargoyle.

Vanquished Creatures
  A minotaur (Gauntlet)
  Harold (D:8)
  A boulder beetle (Lair:6)
  Erolcha (D:10)
  3 hydras (Lair:2)
  A centaur warrior (Volcano)
  A lindwurm (Lair:1)
  Pikel (D:6)
  3 black mambas
  4 cane toads
  8 komodo dragons
  A yaktaur (Volcano)
  3 kobold demonologists
  3 blink frogs (Lair:6)
  2 trolls
  A hornet (D:8)
  A raiju (Gauntlet)
  Sigmund (D:5)
  A shadow (D:11)
  A wyvern (D:7)
  A spriggan (D:9)
  9 yaks (Lair:2)
  6 fire bats (Volcano)
  Eustachio (D:6)
  2 basilisks
  A steam dragon (Lair:2)
  2 wraiths
  6 water moccasins
  The ghost of DEFE the Ducker, an amateur SpFi (D:3)
  2 ice beasts (D:5)
  3 black bears
  4 orc warriors
  A sky beast (D:7)
  2 ogres
  2 necrophages
  15 wolves
  A lemure (D:6)
  8 centaurs
  A phantom (D:4)
  2 kobold brigands
  8 bullfrogs
  4 gnoll sergeants (D:5)
  A scorpion (D:5)
  2 water moccasin zombies (D:6)
  A wyvern zombie (D:9)
  9 killer bees
  2 electric eels (Lair:1)
  7 wights
  2 howler monkeys
  8 centaur zombies
  6 lava snakes (Volcano)
  3 hounds
  4 centaur skeletons
  3 jellies
  Crazy Yiuf (D:2)
  A gnoll shaman (D:5)
  4 orc priests
  A bullfrog skeleton (D:6)
  Jessica (D:2)
  Natasha (thrice) (D:2)
  Terence (D:1)
  3 iguanas
  5 orc wizards
  A scorpion zombie (D:5)
  A lightning spire (Gauntlet)
  2 hell rats
  A killer bee zombie (D:7)
  2 hound skeletons (D:4)
  25 gnolls (D:5)
  A howler monkey skeleton (D:5)
  3 howler monkey zombies
  6 adders
  A shadow imp (D:7)
  A white imp (D:4)
  An adder zombie (Ossuary)
  A worm (D:7)
  A dart slug (D:2)
  21 orcs
  4 ball pythons
  3 endoplasms
  5 giant cockroaches
  5 goblins
  3 hobgoblins
  6 jackals
  14 kobolds
  4 quokkas
  4 ball python skeletons (Ossuary)
  6 bats
  2 frilled lizards
  A hobgoblin skeleton (Ossuary)
  A hobgoblin zombie (Ossuary)
  2 orc skeletons (Ossuary)
  An orc zombie (Ossuary)
  7 rats
325 creatures vanquished.

Vanquished Creatures (collateral kills)
  2 foxfires (Lair:1)
2 creatures vanquished.

Vanquished Creatures (others)
  An orc wizard (D:9)
  680 foxfires
  20 fungi
  24 plants
725 creatures vanquished.

Grand Total: 1052 creatures vanquished

Notes
Turn   | Place    | Note
-------+----------+-------------------------------------------
     0 | D:1      | wakim the Gargoyle Fire Elementalist began the quest for
                  | the Orb.
     0 | D:1      | Reached XP level 1. HP: 10/10 MP: 3/3
   255 | D:1      | Found Kouclaischu's Assorted Antiques.
   448 | D:1      | Reached XP level 2. HP: 15/15 MP: 0/5
   619 | D:1      | Found a faded altar of an unknown god.
  1149 | D:2      | Noticed Terence
  1761 | D:2      | Noticed Natasha
  1767 | D:2      | Killed Natasha
  1768 | D:2      | Reached XP level 3. HP: 8/19 MP: 2/6
  1874 | D:2      | Noticed Jessica
  1882 | D:2      | Killed Jessica
  1883 | D:2      | Reached XP level 4. HP: 10/24 MP: 1/8
  2243 | D:2      | Noticed Natasha
  2257 | D:2      | Killed Natasha
  2746 | D:2      | Reached XP level 5. HP: 28/28 MP: 7/9
  2780 | D:2      | Noticed Natasha
  2784 | D:2      | Killed Natasha
  2785 | D:2      | Reached skill level 5 in Fire Magic
  2900 | D:2      | Found a runed translucent door.
  2901 | D:2      | Noticed Crazy Yiuf
  2911 | D:2      | Learned a level 3 spell: Inner Flame
  2916 | D:2      | Learned a level 4 spell: Sticky Flame
  2936 | D:2      | Killed Crazy Yiuf
  3335 | D:3      | Found an opulent altar of Gozag.
  3655 | D:3      | Found a runed translucent door.
  3657 | D:3      | Noticed DEFE's ghost (amateur SpFi)
  3910 | D:4      | Noticed a phantom
  3916 | D:4      | Killed a phantom
  3917 | D:4      | Reached skill level 1 in Hexes
  3917 | D:4      | Reached XP level 6. HP: 32/32 MP: 3/10
  4355 | D:4      | Identified the +8 short sword "Nerruohae" {distort, rPois
                  | rF+ rC+ SInv}
  4643 | D:4      | Reached XP level 7. HP: 32/36 MP: 6/12
  4895 | D:1      | Killed Terence
  5000 | D:3      | Killed DEFE's ghost
  5327 | D:5      | Entered Level 5 of the Dungeon
  5327 | D:5      | Noticed Sigmund
  5332 | D:5      | Killed Sigmund
  5333 | D:5      | Reached XP level 8. HP: 41/41 MP: 8/14
  5993 | D:5      | Learned a level 5 spell: Fireball
  6858 | D:5      | Reached XP level 9. HP: 45/45 MP: 10/16
  6899 | D:5      | Reached skill level 5 in Spellcasting
  7065 | D:5      | Reached skill level 5 in Conjurations
  7738 | D:5      | Found a staircase to the Ecumenical Temple.
  7744 | Temple   | Entered the Ecumenical Temple
  7952 | Temple   | Became a worshipper of Vehumet
  8190 | D:6      | Noticed Eustachio
  8199 | D:6      | Killed Eustachio
  8413 | D:6      | Found a sand-covered staircase.
  8420 | Ossuary  | Entered an ossuary
  9350 | D:6      | Reached * piety under Vehumet
  9350 | D:6      | Offered knowledge of Magic Dart by Vehumet.
  9545 | D:6      | Noticed Pikel
  9577 | D:6      | Killed Pikel
  9578 | D:6      | Reached skill level 10 in Fire Magic
  9578 | D:6      | Reached XP level 10. HP: 33/50 MP: 6/17
  9988 | D:7      | Reached skill level 1 in Shields
 10098 | D:7      | Found a hazy altar of Hepliaklqana.
 10650 | D:7      | Found a snail-covered altar of Cheibriados.
 10710 | D:8      | Found a staircase to the Lair.
 10720 | D:7      | Reached skill level 5 in Stealth
 10976 | D:8      | Found a glowing silver altar of Zin.
 10976 | D:8      | Found Zin's Purification Station.
 11131 | D:1      | Bought a translucent golden ring for 100 gold pieces
 11131 | D:1      | Identified the ring of Fatigue {Will+ Int+5 Dex+4} (You
                  | bought it in a shop on level 1 of the Dungeon)
 11131 | D:1      | Bought a scroll labelled WUNIJ ASTIRPH for 20 gold pieces
 11131 | D:1      | Bought a thick steel amulet for 100 gold pieces
 11131 | D:1      | Bought a scroll of teleportation for 60 gold pieces
 11142 | D:1      | Bought a golden potion for 18 gold pieces
 11491 | D:8      | Noticed Harold
 11519 | D:8      | Killed Harold
 11520 | D:8      | Reached skill level 1 in Fighting
 12314 | D:8      | Found a blossoming altar of Fedhas.
 13240 | D:9      | Found a basalt altar of Yredelemnul.
 13350 | D:9      | Reached ** piety under Vehumet
 13527 | D:9      | Found a runed translucent gate.
 13528 | D:9      | Noticed Deep1's ghost (novice HuFi)
 13529 | D:9      | Found a runed translucent gate.
 13529 | D:9      | Found a runed translucent gate.
 13530 | D:9      | Identified the +5 chain mail of Disappointment {-Cast
                  | Rampage rN+}
 13792 | D:9      | Offered knowledge of Static Discharge by Vehumet.
 13793 | D:9      | Reached XP level 11. HP: 46/60 MP: 11/18
 13963 | D:9      | Noticed Prince Ribbit
 13975 | D:9      | Banished Prince Ribbit
 14228 | D:9      | Found a shimmering blue altar of Sif Muna.
 14618 | D:10     | Entered Level 10 of the Dungeon
 14640 | D:10     | Reached skill level 5 in Short Blades
 14994 | D:10     | Noticed a sixfirhy
 15110 | D:10     | Identified the +8 hand axe of Ocvaxol {pain, rF+ rC+ Will+
                  | Int-3}
 15582 | D:10     | Found a burning altar of Makhleb.
 15822 | D:10     | Noticed Erolcha
 15830 | D:10     | Killed Erolcha
 15972 | D:10     | Learned a level 4 spell: Hailstorm
 16090 | D:11     | Noticed a soul eater
 16172 | D:11     | Got the Guide on Intoxication and Calling
 16219 | D:11     | Reached skill level 5 in Dodging
 16262 | D:11     | Reached skill level 1 in Ice Magic
 16295 | D:11     | Found a gate leading to a gauntlet.
 16302 | Gauntlet | Entered a Gauntlet
 16302 | Gauntlet | Found a transporter.
 16331 | Gauntlet | Found a transporter.
 16336 | Gauntlet | Found a transporter.
 16341 | Gauntlet | Found a transporter.
 16356 | Gauntlet | Found a transporter.
 16375 | Gauntlet | Found a transporter.
 16405 | Gauntlet | Noticed a quicksilver ooze
 16406 | Gauntlet | Found a transporter.
 16411 | Gauntlet | Found a transporter.
 16413 | Gauntlet | Found a transporter.
 16432 | Gauntlet | Noticed a dire elephant
 16436 | Gauntlet | Found a transporter.
 16442 | Gauntlet | Found a transporter.
 16446 | Gauntlet | Found a transporter.
 16463 | Gauntlet | Noticed a wretched star
 16467 | Gauntlet | Found a transporter.
 16474 | Gauntlet | Found a transporter.
 16474 | Gauntlet | Found a transporter.
 16513 | Gauntlet | Found a transporter.
 16514 | Gauntlet | Noticed a wretched star
 16522 | Gauntlet | Found a transporter.
 16568 | Gauntlet | Found a transporter.
 16571 | Gauntlet | Noticed a necromancer
 16573 | Gauntlet | Found the +2 hood of the Assassin {Detection Stab+ Stlth++}
 17071 | Gauntlet | Offered knowledge of Ignite Poison by Vehumet.
 17184 | Gauntlet | Identified the amulet "Laitaet" {Harm Regen+ Slay+6}
 17219 | Gauntlet | Noticed a minotaur
 17252 | Gauntlet | Killed a minotaur
 17538 | Lair:1   | Entered Level 1 of the Lair of Beasts
 17904 | Lair:1   | Reached XP level 12. HP: 51/66 MP: 15/20
 18620 | Lair:2   | Noticed an eight-headed hydra
 18628 | Lair:2   | Killed an eight-headed hydra
 18907 | Lair:2   | Reached *** piety under Vehumet
 19343 | Lair:2   | Noticed a five-headed hydra
 19351 | Lair:2   | Killed a five-headed hydra
 19624 | Lair:3   | Noticed a seven-headed hydra
 19943 | Lair:2   | Reached skill level 10 in Conjurations
 20023 | Lair:2   | Killed a seven-headed hydra
 20090 | Lair:2   | Offered knowledge of Airstrike by Vehumet.
 20091 | Lair:2   | Reached skill level 5 in Hexes
 20296 | Lair:3   | Found a hole to the Spider Nest.
 20505 | Lair:4   | Noticed an eight-headed hydra
 20582 | Lair:4   | You fall into a shaft and drop 2 floors!
 20582 | Lair:6   | Entered Level 6 of the Lair of Beasts
 20620 | Lair:6   | Learned a level 6 spell: Dispersal
 20635 | Lair:6   | Noticed a boulder beetle
 20657 | Lair:6   | Killed a boulder beetle
 20658 | Lair:6   | Reached XP level 13. HP: 24/70 MP: 18/23
 20674 | Lair:6   | Reached skill level 1 in Translocations
 20734 | Lair:6   | Found a dark tunnel.
 20741 | Volcano  | Entered a volcano
 20770 | Volcano  | Reached **** piety under Vehumet
 20868 | Volcano  | Offered knowledge of Iskenderun's Battlesphere by Vehumet.
 20952 | Volcano  | Found a bloodstained altar of Trog.
 20953 | Volcano  | Noticed a red draconian
 20956 | Volcano  | HP: 3/70 [yaktaur/bolt (3)]
 20965 | Volcano  | Killed from afar by a molten gargoyle

Illustrated notes

Levels and vault maps discovered:
D:1:      dpeg_arrival_ternary, layout_loops_cross, serial_shops,
          nicolae_shop_overgrown_old_shop, ebering_ecumenical_altar_mist
D:2:      layout_basic, serial_glass, glass_columns_a, glass_columns_b,
          uniq_crazy_yiuf_cottage, uniq_terence, uniq_jessica, uniq_natasha
D:3:      layout_rooms, mainiacjoe_overflow_tiny_flanked, ebering_ghost_sewer_d,
          minmay_misc_feat_x, minmay_tree_intersection
D:4:      layout_cave_pods
D:5:      layout_cave_pools, minmay_temple_entry_hall, serial_gnoll_camp,
          gnoll_camp_huts_moat, gnoll_camp_mini_hut, gnoll_camp_mini_sergeant,
          gnoll_camp_mini_loothouse, uniq_sigmund
D:6:      layout_loops_ring, serial_aquarium, aquarium_bridge_square
          [aquarium_subvault_window, aquarium_subvault_wall,
          aquarium_subvault_balcony, aquarium_subvault_bridge],
          aquarium_window_1, aquarium_window_1, aquarium_view_2e,
          aquarium_view_2e, enter_ossuary_5, kennysheep_generic_room_3,
          uniq_pikel, uniq_eustachio
D:7:      layout_rooms, cheibrodos_worm_habitat, mainiacjoe_overflow_catwalk
D:8:      wander_river, layout_basic, zin_purify, overflow_temple_1_default,
          dpeg_oklobed_lair, minivault_26, uniq_harold
D:9:      layout_roguey, nicolae_yredelemnul_corpse_copse, led_sif_book,
          biasface_ghost_orc_armoury, the_hattery, uniq_prince_ribbit1
D:10:     layout_loops_corners, lemuel_coloured_pillars_altar,
          kennysheep_generic_room_16, uniq_erolcha
D:11:     layout_gridville, gauntlet_entry_generic,
          ebering_ghost_reflecting_pool
Temple:   dpeg_chambers_temple
Lair:1:   layout_gridlike, serial_bayou_lake_a
Lair:2:   layout_hall_layers, serial_bayou_shore_b
Lair:3:   layout_cave_shapes, spider_nest_entry_web_field
Lair:4:   layout_gridlike, minmay_shoals_entry_lonely_mermaid,
          chequers_serial_rivers_small_3
Lair:6:   hellmonk_lair_end_abyssal_woods, layout_gridlike,
          dpeg_slime_entry_corner, nicolae_volcano_entry_two_sided,
          nzn_sisyphean_effort
Volcano:  volcano_grotto [vgs_many_chambers]

Skill      XL: |  1  2  3  4  5  6  7  8  9 10 11 12 13 |
---------------+----------------------------------------+-----
Fire Magic     | 4 5 7 9 10 | 10.9
Spellcasting   | 3 4 5 6 7 |  7.3
Conjurations   | 2 3 4 8 9 10 | 10.0
Hexes          | 1 2 3 4 5 6 |  6.0
Stealth        | 4 5 |  5.0
Shields        | 4 |  4.0
Dodging        | 3 5 7 8 |  8.0
Fighting       | 3 4 |  4.0
Short Blades   | 4 6 |  6.0
Ice Magic      | 2 4 |  4.0
Translocations | 2 |  2.1

Action                   |  1- 3 |  4- 6 |  7- 9 | 10-12 | 13-15 || total
-------------------------+-------+-------+-------+-------+-------++-------
Melee: Short sword       |       |    15 |    79 |   150 |    10 ||   254
       Spear             |       |     2 |       |       |       ||     2
 Cast: Foxfire           |    52 |    89 |   125 |   137 |     3 ||   406
       Inner Flame       |       |     2 |    37 |    92 |     5 ||   136
       Sticky Flame      |       |       |     5 |    30 |     2 ||    37
       Fireball          |       |       |       |     7 |     1 ||     8
       Hailstorm         |       |       |       |     4 |     7 ||    11
  Use: Scroll            |     3 |       |     6 |    14 |       ||    23
       Potion            |       |       |       |       |     2 ||     2
 Stab: Sleeping          |       |       |     7 |     5 |       ||    12
       Distracted        |       |       |     1 |       |       ||     1
Armor: Robe              |     1 |    15 |    69 |   136 |    19 ||   240
Dodge: Dodged            |     4 |    13 |    60 |   220 |    30 ||   327
Block: Buckler           |       |       |       |    71 |    14 ||    85

Table legend: (Time is in decaauts)
 A = Elapsed time spent in this place.
 B = Non-inter-level travel time spent in this place.
 C = Inter-level travel time spent in this place.
 D = Time resting spent in this place.
 E = Time spent auto-exploring this place.
 F = Levels seen in this place.
 G = Mean time per level.
                   A        B        C        D        E       F      G
               +--------+--------+--------+--------+--------+-----+--------+
         Total |  21036 |  19706 |   1330 |   1029 |  14476 |  20 | 1051.8 |
       Dungeon |  15950 |  14917 |   1033 |    794 |  11434 |  11 | 1450.0 |
        Temple |    246 |    223 |     23 |      0 |    216 |   1 |  246.0 |
          Lair |   3229 |   2955 |    274 |    144 |   2237 |   5 |  645.8 |
       Ossuary |    312 |    312 |      0 |      0 |     86 |   1 |  312.0 |
       Volcano |    222 |    222 |      0 |      0 |    139 |   1 |  222.0 |
      Gauntlet |   1075 |   1075 |      0 |     91 |    364 |   1 | 1075.0 |
               +--------+--------+--------+--------+--------+-----+--------+

Top non-repeatable levels by time:
     D:5: 2055 daAuts
     D:9: 1983 daAuts
     D:2: 1801 daAuts
     D:4: 1684 daAuts
  Lair:2: 1618 daAuts
     D:6: 1506 daAuts
    D:10: 1483 daAuts
     D:1: 1461 daAuts
     D:8: 1452 daAuts
     D:7: 1156 daAuts
  Lair:1: 1101 daAuts
     D:3: 1078 daAuts
Gauntlet: 1075 daAuts
 Ossuary: 312 daAuts
  Lair:3: 294 daAuts
